 Dungeon Crawl Stone Soup version 0.30-a0-304-gdc4b735fe1 (webtiles) character file.

Game seed: 9869669191214360189

37 MrRokkomies the Sneak (level 3, -1/33 HPs)
             Began as an Armataur Delver on Oct 20, 2022.
             Slain by a gnoll
             ... wielding a +0 flail
              (8 damage)
             ... on level 5 of the Dungeon.
             The game lasted 00:00:52 (154 turns).

MrRokkomies the Sneak (Armataur Delver)              Turns: 154, Time: 00:00:52

Health: -1/33      AC:  4    Str: 17    XL:     3   Next: 23%
Magic:  3/3        EV:  9    Int: 10    God:
Gold:   0          SH:  0    Dex: 13    Spells: 2/2 levels left

rFire   . . .      SeeInvis .    a - +0 short sword
rCold   . . .      Faith    .    (no shield)
rNeg    . . .      Spirit   .    b - +0 leather armour
rPois   .          Reflect  .    (no helmet)
rElec   .          Harm     .    (no cloak)
rCorr   .          Roll     +    (no gloves)
Will    .....                    (no barding)
Stlth   +++.......               (no amulet)
HPRegen 0.25/turn                (no ring)
MPRegen 0.08/turn                (no ring)

@: hasted, very quick
A: large, rugged brown scales 3, deformed body, armoured tail, roll, long
tongue, awkward tongue
a: no special abilities


You were on level 5 of the Dungeon.
You visited 1 branch of the dungeon, and saw 1 of its levels.

Inventory:

Hand Weapons
 a - a +0 short sword (weapon)
Armour
 b - a +0 leather armour (worn)
Wands
 g - a wand of digging (3)
Scrolls
 c - a scroll of fog
 d - a scroll of magic mapping
 e - a scroll of fear
 h - a scroll of amnesia {unknown}


   Skills:
 * Level 3.1 Fighting
 * Level 2.4 Short Blades
 + Level 1.6 Dodging
 + Level 5.7 Stealth


You had 2 spell levels left.
You didn't know any spells.
Your spell library was empty.

Dungeon Overview and Level Annotations

Branches:
Dungeon (5/15)
 Temple: D:4-7

Altars:


Innate Abilities, Weirdness & Mutations

You are completely covered in rugged brown scales. (AC +3, +7% HP)
Armour fits poorly on your strangely shaped body.
You have a long armoured tail.
You roll when moving toward enemies. (Rampage)
Your long tongue fully drains potion bottles. (2x potion effects)
Your tongue gives you trouble enunciating. (1.5x scroll delay)


Message History

The shadow imp hits you.
A gnoll comes into view. It is wielding a +0 halberd.
A gnoll comes into view. It is wielding a +0 club.
You hit the shadow imp.
The shadow imp is heavily wounded.
The shadow imp hits you. The gnoll barely misses you.
You hit the shadow imp.
The shadow imp is severely wounded.
The shadow imp closely misses you. The gnoll barely misses you.
A gnoll comes into view. It is wielding a +0 flail.
You barely miss the shadow imp.
The shadow imp is severely wounded.
The shadow imp hits you but does no damage.
The gnoll completely misses you.
You completely miss the shadow imp.
The shadow imp is severely wounded.
The shadow imp hits you but does no damage.
The gnoll hits you from afar with a +0 spear.
The gnoll barely misses you.
You hit the shadow imp but do no damage.
The shadow imp is severely wounded.
You hit the shadow imp.
You kill the shadow imp!
The gnoll closely misses you. The gnoll barely misses you.
The gnoll closely misses you.
There are monsters nearby!
There are monsters nearby!
The gnoll hits you but does no damage. The gnoll attacks as you move away!
The gnoll barely misses you. The gnoll attacks as you move away!
The gnoll barely misses you. The gnoll attacks as you move away!
The gnoll hits you with a +0 club. The gnoll attacks as you move away!
The gnoll hits you with a +0 flail.
You slurp down every last drop of the potion of haste!
You feel yourself speed up. The gnoll hits you with a +0 flail.
You closely miss the gnoll. The gnoll misses you.
You barely miss the gnoll. The gnoll hits you with a +0 flail!
* * * LOW HITPOINT WARNING * * *
You barely miss the gnoll. You hit the gnoll but do no damage.
The gnoll hits you with a +0 flail!
You die...

#...#.##.# #.# #.....##.#
#.# #..##.##.######## #.#
#..##.##.##.....# #.#
#........##.....# #.#
######.#####.....#
#.......# #.....#
#.####..# #.....#
#.####..# #@# #.##....#
#g# #.##.##.#
#g########.## #.##.##.#
#gg.........#
#.......#######..g.......#
####.##.[..........##.##.#
##.##.#####...........
#........#......)...# .
#...##.##............#


You could see 4 gnolls.

Vanquished Creatures
  A jelly (D:5)
  A shadow imp (D:5)
2 creatures vanquished.

Notes
Turn   | Place    | Note
-------+----------+-------------------------------------------
     0 | D:5      | MrRokkomies the Armataur Delver began the quest for the
                  | Orb.
     0 | D:5      | Reached XP level 1. HP: 19/19 MP: 1/1
    60 | D:5      | Noticed a jelly
    70 | D:5      | Killed a jelly
    71 | D:5      | Reached XP level 2. HP: 17/27 MP: 2/2
    71 | D:5      | Reached XP level 3. HP: 21/33 MP: 3/3
   154 | D:5      | Slain by a gnoll

Illustrated notes

Levels and vault maps discovered:
D:5:      layout_loops_cross, minmay_temple_entry_crystal_x

Skill      XL: |  1 |
---------------+----+-----
Fighting       | 3 |  3.1
Short Blades   | 2 |  2.4
Dodging        | |  1.6
Stealth        | |  5.7

Action                   || total
-------------------------++-------
Melee: Short sword       ||    16
       Tailslap          ||     1
  Use: Potion            ||     1
 Stab: Sleeping          ||     1
Armor: Leather armour    ||     4
Dodge: Dodged            ||    12

Table legend: (Time is in decaauts)
 A = Elapsed time spent in this place.
 B = Non-inter-level travel time spent in this place.
 C = Inter-level travel time spent in this place.
 D = Time resting spent in this place.
 E = Time spent auto-exploring this place.
 F = Levels seen in this place.
 G = Mean time per level.
                   A        B        C        D        E       F      G
               +--------+--------+--------+--------+--------+-----+--------+
         Total |    151 |    151 |      0 |     45 |     60 |   1 |  151.0 |
       Dungeon |    151 |    151 |      0 |     45 |     60 |   1 |  151.0 |
               +--------+--------+--------+--------+--------+-----+--------+

Top non-repeatable levels by time:
     D:5: 151 daAuts
